 Dungeon Crawl Stone Soup version 0.22-a0-880-gb7b0c8b (webtiles) character file.

77 Nilihum the Chopper (level 4, -3/41 HPs)
             Began as a Hill Orc Berserker on July 30, 2018.
             Was a Believer of Trog.
             Slain by a gnoll
             ... wielding a +0 whip
              (8 damage)
             ... on level 2 of the Dungeon.
             The game lasted 00:02:45 (2025 turns).

Nilihum the Chopper (Hill Orc Berserker)            Turns: 2025, Time: 00:02:46

Health: -3/41      AC:  3    Str: 20    XL:     4   Next: 34%
Magic:  4/4        EV: 12    Int:  7    God:    Trog [**....]
Gold:   168        SH:  0    Dex: 10    Spells: 3/3 levels left

rFire    . . .     SeeInvis .   a - +0 hand axe
rCold    . . .     Gourm    .   (no shield)
rNeg     . . .     Faith    .   b - +0 animal skin
rPois    .         Spirit   .   (no helmet)
rElec    .         Reflect  .   (no cloak)
rCorr    .         Harm     .   o - +0 pair of gloves
MR       .....                  (no boots)
Stlth    +.........             (no amulet)
HPRegen  0.13/turn              (no ring)
MPRegen  0.09/turn              (no ring)

@: no status effects
A: no striking features
a: Berserk, Trog's Hand, Renounce Religion


You were on level 2 of the Dungeon.
You worshipped Trog.
Trog was pleased with you.
You were hungry.

You visited 1 branch of the dungeon, and saw 2 of its levels.

You collected 168 gold pieces.

Inventory:

Hand Weapons
 a - a +0 hand axe (weapon)
Armour
 b - a +0 animal skin (worn)
 o - a +0 pair of gloves (worn)
Scrolls
 d - 5 scrolls of identify {unknown}
 g - a scroll of teleportation {unknown}
 h - a scroll of random uselessness {unknown}
 j - a scroll of amnesia {unknown}
 k - a scroll of fog {unknown}
 l - 2 scrolls of remove curse {unknown}
 m - 2 scrolls of enchant armour {unknown}
 q - a scroll of immolation {unknown}
 r - a scroll of magic mapping {unknown}
Potions
 e - a potion of magic
 i - 2 potions of resistance {unknown}
 n - a potion of agility {unknown}
Comestibles
 c - 2 rations


   Skills:
 + Level 4.3 Fighting
 * Level 5.5 Axes
 + Level 3.0 Armour
 - Level 1.5 Dodging


You had 3 spell levels left.
You didn't know any spells.
Your spell library was empty.

Dungeon Overview and Level Annotations

Branches:
Dungeon (2/15)

Altars:
Makhleb


Message History

You barely miss the gnoll.
The gnoll is heavily wounded.
The gnoll hits you with a whip.
You hit the gnoll.
The gnoll is severely wounded.
The gnoll hits you with a whip!
You barely miss the gnoll.
The gnoll is severely wounded.
The gnoll hits you with a whip.
You completely miss the gnoll.
The gnoll is severely wounded.
The gnoll hits you but does no damage.
You hit the gnoll but do no damage.
The gnoll is severely wounded.
The gnoll hits you with a whip!
* * * LOW HITPOINT WARNING * * *
You hit the gnoll but do no damage.
The gnoll is severely wounded.
The gnoll hits you with a whip!
You die...

#.#################..........
#.# #............#######. #.#
#.#########.## #. #.# #.#
#..# #. #.#######.#### ##.#
##. #####.##.(.......# #.#
#.. ..............##K#
##.######.#
......##########g#
#.......... ###.### ######@#
####..####.... #.#
#......###............. #.#
#.#.>......##.<........ #.###
#.#........##.#####.... #...#
#.#......>.....<..###.# ###.#
#.#........)........#.# #.#
#.#........##.###.#.#.# #.#
#.#........##.# #.#.#.# #†#
#.#........##.# #.#.#<#


You could see a gnoll and a kobold.

Vanquished Creatures
  2 gnolls (D:2)
  2 adders (D:2)
  2 dart slugs
  2 leopard geckos (D:1)
  3 giant cockroaches (D:1)
  A goblin (D:1)
  6 hobgoblins
  2 jackals (D:2)
  3 kobolds (D:1)
  5 bats
  3 frilled lizards
  3 rats
34 creatures vanquished.

Notes
Turn   | Place    | Note
-------+----------+-------------------------------------------
     0 | D:1      | Nilihum the Hill Orc Berserker began the quest for the Orb.
     0 | D:1      | Reached XP level 1. HP: 19/19 MP: 1/1
   254 | D:1      | Reached XP level 2. HP: 22/27 MP: 2/2
   911 | D:1      | Reached XP level 3. HP: 32/33 MP: 3/3
  1360 | D:2      | Reached ** piety under Trog
  1360 | D:2      | Reached skill level 5 in Axes
  1564 | D:2      | Found a burning altar of Makhleb.
  1969 | D:2      | Reached XP level 4. HP: 29/40 MP: 4/4
  2025 | D:2      | Slain by a gnoll

Vault maps used:
D:1:      minmay_arrival_stair_chambers
D:2:      nicolae_overflow_crystal_walls, fedhas_altar_4

Skill      XL: |  1  2  3 |
---------------+----------+-----
Fighting       | 4 |  4.3
Axes           | 5 |  5.5
Armour         | 3 |  3.0
Dodging        | |  1.5

Action                   |  1- 3 |  4- 6 || total
-------------------------+-------+-------++-------
Melee: Hand axe          |    98 |    22 ||   120
Invok: Berserk           |     1 |       ||     1
  Use: Potion            |       |     2 ||     2
  Eat: Ration            |     1 |       ||     1
Armor: Animal skin       |    26 |     2 ||    28
Dodge: Dodged            |    74 |    12 ||    86

Table legend:
 A = Spawn XP
 B = Non-spawn XP
 C = Spawn XP percentage of total XP
 D = Spawn monster count
 E = Non-spawn monster count
 F = Spawn count percentage of total count
 G = Total turns spent on level
                    A         B        C        D         E        F      G
               +---------+---------+-------+---------+---------+-------+---------
         Total |       0 |     111 |   0.0 |       0 |      34 |   0.0 |  2025
               +---------+---------+-------+---------+---------+-------+---------
           D:1 |       0 |      43 |   0.0 |       0 |      22 |   0.0 |  1319
           D:2 |       0 |      68 |   0.0 |       0 |      12 |   0.0 |   706
               +---------+---------+-------+---------+---------+-------+---------
